 Dungeon Crawl Stone Soup version 0.23.2-33-g5129a83184 (webtiles) character file.

Game seed: 7048406795780108162

38 lepoulpe303 the Chopper (level 3, 0/34 HPs)
             Began as a Hill Orc Monk on July 8, 2019.
             Slain by a gnoll
             ... wielding a +0 hand axe
              (9 damage)
             ... on level 2 of the Dungeon.
             The game lasted 00:03:06 (1440 turns).

lepoulpe303 the Chopper (Hill Orc Monk)             Turns: 1440, Time: 00:03:06

Health: 0/34       AC:  8    Str: 14    XL:     3   Next: 43%
Magic:  3/3        EV:  7    Int: 10    God:
Gold:   29         SH:  0    Dex: 13    Spells: 2/2 levels left

rFire    . . .     SeeInvis .   a - +0 hand axe
rCold    . . .     Gourm    .   (no shield)
rNeg     . . .     Faith    .   d - +0 chain mail
rPois    .         Spirit   .   (no helmet)
rElec    .         Reflect  .   (no cloak)
rCorr    .         Harm     .   (no gloves)
MR       .....                  (no boots)
Stlth    ..........             (no amulet)
HPRegen  0.11/turn              (no ring)
MPRegen  0.08/turn              (no ring)

@: no status effects
A: no striking features
a: no special abilities


You were on level 2 of the Dungeon.
You were not hungry.

You visited 1 branch of the dungeon, and saw 2 of its levels.

You collected 29 gold pieces.

Inventory:

Hand Weapons
 a - a +0 hand axe (weapon)
Missiles
 g - 2 needles of confusion
 l - 17 poisoned needles
 Q - 59 stones (quivered)
Armour
 b - a +0 robe
 d - a +0 chain mail (worn)
Jewellery
 f - an uncursed amulet of the acrobat {unknown}
Wands
 o - a wand of flame (21)
Scrolls
 c - 4 scrolls of remove curse {unknown}
 h - 2 scrolls of identify {unknown}
 i - a scroll of amnesia {unknown}
 j - a scroll of random uselessness {unknown}
 n - a scroll of fog {unknown}
 q - a scroll of teleportation {unknown}
Potions
 k - 2 potions of flight {unknown}
 m - 2 potions of curing {unknown}
Comestibles
 e - 4 rations
 p - a chunk of flesh


   Skills:
 * Level 4.3 Fighting
 * Level 4.7 Axes
 + Level 1.0 Armour
 + Level 2.6 Dodging
 - Level 1.5 Stealth


You had 2 spell levels left.
You didn't know any spells.
Your spell library was empty.

Dungeon Overview and Level Annotations

Branches:
Dungeon (2/15)

Altars:


Message History

The gnoll closely misses you.
Your chain mail prevents you from hitting the gnoll.
The gnoll hits you but does no damage. x2
You hit the gnoll. The gnoll hits you but does no damage.
The gnoll hits you with a +0 hand axe!
* * * LOW HITPOINT WARNING * * *
You take 9 damage, and have 16/34 hp.
MASSIVE DAMAGE!!
Your chain mail prevents you from hitting the gnoll.
The gnoll hits you from afar with a +0 spear.
* * * LOW HITPOINT WARNING * * *
The gnoll hits you but does no damage.
You take 3 damage, and have 13/34 hp.
You hit the gnoll.
The gnoll hits you from afar with a +0 spear.
* * * LOW HITPOINT WARNING * * *
You take 5 damage, and have 8/34 hp.
Your chain mail prevents you from hitting the gnoll.
The gnoll hits you but does no damage. The gnoll hits you with a +0 hand axe!
You die...

####### #.g@..#
##g###.###
#........#
#(###.....### .(
#.......##########
((
#.)............... .
..........##########
#####.##### #.#


You could see 2 gnolls.

Levels and vault maps discovered:
D:1:      lightli_iron_boxes, layout_loops_corners
D:2:      layout_loops_ring, minmay_tromino_mix6

Notes
Turn   | Place    | Note
-------+----------+-------------------------------------------
     0 | D:1      | lepoulpe303 the Hill Orc Monk began the quest for the Orb.
     0 | D:1      | Reached XP level 1. HP: 19/19 MP: 1/1
   250 | D:1      | Identified a +0 club
   381 | D:1      | Reached XP level 2. HP: 27/27 MP: 2/2
   519 | D:1      | Identified a +0 short sword
   589 | D:1      | Reached skill level 4 in Fighting
   796 | D:1      | Identified a +0 club
  1043 | D:2      | Reached XP level 3. HP: 32/33 MP: 3/3
  1182 | D:2      | Identified a +0 dagger
  1288 | D:1      | Identified a +0 chain mail (You found it on level 1 of the
                  | Dungeon)
  1353 | D:2      | Identified a +0 dagger
  1419 | D:2      | Identified a cursed -3 halberd
  1423 | D:2      | Identified a +0 hand axe
  1426 | D:2      | Identified a +0 spear
  1427 | D:2      | Identified a +0 spear
  1428 | D:2      | Identified a +0 whip
  1434 | D:2      | Reached skill level 1 in Armour
  1439 | D:2      | HP: 8/34 [gnoll/+0 spear (5)]
  1440 | D:2      | Slain by a gnoll

Table legend:
 A = Turns spent in this place as a percentage of turns spent in the entire game.
 B = Non-inter-level travel turns spent in this place as a percentage of non-inter-level travel turns spent in the entire game.
 C = Inter-level travel turns spent in this place as a percentage of turns spent in this place.
 D = Turns resting spent in this place as a percentage of non-inter-level travel turns spent in this place.
 E = Turns spent auto-exploring this place as a percentage of non-inter-level travel turns spent in this place.
 F = Non-inter-level travel turns spent in this place divided by the number of levels of this place that you've seen.
                   A       B       C       D       E      F
               +-------+-------+-------+-------+-------+----------------------
         Total | 100.0 | 100.0 |   8.4 |   0.0 |  83.3 | 659.5
       Dungeon | 100.0 | 100.0 |   8.4 |   0.0 |  83.3 | 659.5
               +-------+-------+-------+-------+-------+----------------------

Table legend:
 A = Kills in this place as a percentage of kills in entire the game.
 B = Kills by you in this place as a percentage of kills by you in the entire game.
 C = Kills by friends in this place as a percentage of kills by friends in the entire game.
 D = Other kills in this place as a percentage of other kills in the entire game.
 E = Experience gained in this place as a percentage of experience gained in the entire game.
 F = Experience gained in this place divided by the number of levels of this place that you have seen.
                   A       B       C       D       E      F
               +-------+-------+-------+-------+-------+----------------------
         Total | 100.0 | 100.0 |   N/A |   N/A | 100.0 |  27.5
       Dungeon | 100.0 | 100.0 |   N/A |   N/A | 100.0 |  27.5
               +-------+-------+-------+-------+-------+----------------------

Skill      XL: |  1  2  3 |
---------------+----------+-----
Fighting       | 4 |  4.3
Armour         | 1 |  1.0
Axes           | |  4.7
Dodging        | |  2.6
Stealth        | |  1.5

Action                   || total
-------------------------++-------
Melee: Hand axe          ||    92
Throw: Stone             ||    56
  Eat: Chunk             ||     2
Armor: Robe              ||    23
       Chain mail        ||     7
Dodge: Dodged            ||    61

Vanquished Creatures
  A gnoll (D:2)
  A dart slug (D:1)
  A leopard gecko (D:2)
  5 bats
  A giant cockroach (D:1)
  3 hobgoblins
  3 frilled lizards
  6 goblins
  A kobold (D:1)
  4 rats (D:1)
26 creatures vanquished.
